Map: Backwater LE

Players

Serral - Winner!

  • Race: Zerg Zerg
  • Spawn Location: 11:00

Trap

  • Race: Protoss Protoss
  • Spawn Location: 5:00

Event: IEM Season 12 - Katowice

VOD

Have the link to the VOD?

Description

Time

  • Played on: March 3, 2018, 12:07 p.m.
  • Length: 26:11

All games in this series

Show
View Real Time Build Order
Export as new Build Order

Serral Zerg - Winner!

Build Orders: Hatch First, Brood Lord Corruptor 

Get SALT Encoding   

  12  0:00  Drone  
  13  0:12  Overlord  
  13  0:16  Drone  
  14  0:30  Drone x2  
  16  0:48  Hatchery  
  15  0:51  Drone  
  15  0:54  Drone  
  17  0:59  Drone  
  18  1:05  Extractor  
  17  1:14  Spawning Pool  
  17  1:17  Drone  
  17  1:20  Drone  
  18  1:27  Drone  
  19  1:39  Overlord  
  19  1:50  Drone  
  20  2:00  Queen x2  
  24  2:01  Zergling x2  
  24  2:02  Drone  
  24  2:08  Metabolic Boost  
  26  2:10  Drone  
  26  2:13  Drone  
  28  2:21  Drone  
  28  2:22  Drone  
  30  2:32  Drone x2  
  32  2:42  Hatchery  
  31  2:45  Zergling x2  
  31  2:49  Queen  
  34  2:53  Overlord  
  34  2:58  Drone x2  
  36  3:13  Drone x2  
  36  3:14  Zergling x2  
  36  3:15  Drone x3  
  36  3:19  Overlord  
  42  3:25  Overlord  
  42  3:27  Queen  
  44  3:38  Overlord  
  44  3:40  Drone x2  
  46  3:44  Drone, Lair  
  46  3:45  Drone x2  
  46  3:48  Drone  
  50  3:51  Spore Crawler  
  50  3:53  Spore Crawler  
  48  3:55  Drone  
  48  3:56  Drone  
  48  3:59  Zergling x4  
  48  4:01  Drone  
  53  4:06  Drone x2  
  53  4:07  Spore Crawler  
  54  4:10  Overlord  
  54  4:13  Zergling x2  
  54  4:15  Baneling Nest  
  54  4:16  Drone  
  54  4:18  Drone  
  54  4:19  Drone  
  54  4:22  Drone x2  
  58  4:28  Queen  
  58  4:29  Drone  
  58  4:30  Drone  
  61  4:34  Extractor x2  
  61  4:37  Zergling x6  
  63  4:38  Drone  
  63  4:41  Drone  
  63  4:45  Hydralisk Den  
  63  4:49  Overlord  
  63  4:50  Drone x3  
  66  4:56  Drone x2  
  66  4:58  Overseer  
  66  5:00  Overlord  
  66  5:03  Drone x3, Extractor  
  68  5:07  Overlord  
  68  5:11  Drone  
  68  5:12  Drone x2  
  71  5:15  Grooved Spines  
  71  5:17  Zergling x8  
  74  5:28  Hydralisk x2  
  74  5:31  Hydralisk  
  74  5:35  Hydralisk  
  82  5:39  Extractor  
  82  5:42  Hydralisk, Zergling x4  
  85  5:43  Zergling x2  
  85  5:45  Drone x4  
  85  5:47  Overlord  
  90  5:52  Overlord  
  90  5:53  Evolution Chamber  
  90  5:55  Centrifical Hooks  
  89  5:59  Drone  
  89  6:01  Drone x2, Hydralisk  
  89  6:04  Drone x3  
  97  6:14  Extractor  
  97  6:17  Drone x2  
  97  6:18  Drone x4  
  102  6:19  Hatchery  
  102  6:23  Zerg Melee Weapons Level 1  
  102  6:25  Drone, Infestation Pit  
  101  6:30  Hydralisk  
  101  6:31  Hydralisk x2  
  107  6:39  Overlord, Muscular Augments  
  107  6:41  Overlord  
  107  6:42  Drone x2  
  107  6:43  Drone x2  
  107  6:46  Drone  
  107  6:47  Drone x2  
  107  6:50  Drone x2  
  110  6:54  Overlord  
  110  6:59  Overlord x3  
  110  7:07  Hive  
  110  7:13  Drone x2  
  110  7:14  Drone  
  110  7:15  Spire  
  112  7:17  Overlord  
  112  7:18  Overlord  
  112  7:22  Hydralisk x2  
  113  7:26  Drone  
  113  7:27  Drone x3  
  119  7:31  Hydralisk  
  119  7:32  Hydralisk  
  123  7:37  Pneumatized Carapace  
  123  7:39  Hydralisk x3  
  123  7:43  Zergling x8  
  133  7:48  Zergling x6  
  135  7:57  Drone x3  
  135  7:58  Drone  
  139  8:00  Hatchery  
  138  8:10  Zergling x10  
  143  8:14  Overlord  
  141  8:21  Adrenal Glands  
  141  8:24  Drone  
  141  8:25  Drone x6  
  141  8:26  Drone x2  
  141  8:27  Drone  
  141  8:29  Greater Spire  
  141  8:30  Hydralisk x2, Zergling x2  
  141  8:31  Zergling x10  
  151  8:43  Overlord  
  151  8:48  Baneling x4  
  151  8:49  Baneling x6  
  151  8:50  Baneling x7  
  151  8:57  Drone x3  
  151  8:58  Zerg Melee Weapons Level 2, Extractor  
  153  9:10  Corruptor x3  
  153  9:11  Corruptor x4  
  158  9:42  Brood Lord x3  
  158  9:43  Brood Lord  
  163  9:48  Drone x3, Spine Crawler  
  163  9:49  Spore Crawler, Extractor  
  163  9:52  Brood Lord  
  163  9:58  Spine Crawler x2  
  163  9:59  Drone x5, Spore Crawler  
  167  10:00  Brood Lord  
  167  10:02  Zergling x34  
  184  10:13  Brood Lord  
  181  10:18  Overseer x2  
  181  10:19  Overseer  
  181  10:22  Overlord  
  181  10:24  Drone x4  
  177  10:35  Corruptor x2  
  177  10:36  Corruptor x2  
  184  10:53  Corruptor  
  184  10:54  Corruptor x2, Hatchery  
  188  11:03  Zergling x24  
  188  11:04  Zergling x6  
  200  11:10  Pathogen Glands  
  199  11:22  Zerg Melee Weapons Level 3  
  199  11:23  Spire  
  192  11:27  Drone x3  
  192  11:29  Extractor  
  193  11:34  Corruptor x2  
  193  11:37  Spore Crawler  
  193  11:38  Spore Crawler, Corruptor x2  
  193  11:39  Spore Crawler x3  
  192  11:40  Spore Crawler  
  192  11:45  Drone x5  
  192  11:46  Drone  
  197  11:52  Drone, Extractor  
  197  11:57  Overlord x3  
  197  12:00  Zerg Flyer Weapons Level 1  
  190  12:02  Evolution Chamber  
  190  12:06  Neural Parasite  
  190  12:08  Drone x3  
  190  12:09  Brood Lord  
  190  12:12  Brood Lord  
  196  12:26  Drone x2  
  196  12:28  Infestor  
  199  12:30  Zerg Ground Armor Level 1  
  199  12:31  Spore Crawler  
  199  12:32  Spore Crawler  
  199  12:34  Spore Crawler x3  
  193  12:38  Zerg Flyer Armor Level 1  
  192  12:49  Infestor x4  
  198  12:51  Baneling x4  
  198  13:05  Hydralisk x5  
  170  13:08  Spore Crawler, Hydralisk  
  170  13:09  Spore Crawler, Zergling x2  
  170  13:12  Spore Crawler  
  176  13:14  Spore Crawler  
  176  13:15  Spore Crawler x2  
  176  13:16  Spore Crawler  
  176  13:19  Spore Crawler  
  161  13:25  Infestor  
  161  13:26  Infestor x2  
  157  13:28  Hydralisk x3  
  157  13:29  Hydralisk  
  164  13:36  Drone x6  
  170  13:47  Hydralisk x3  
  178  13:49  Zergling x4  
  178  13:50  Zergling x6  
  178  13:52  Infestor  
  178  13:54  Infestor  
  185  14:02  Zerg Missile Weapons Level 1  
  169  14:17  Brood Lord x2  
  169  14:18  Brood Lord  
  169  14:20  Infestor  
  169  14:21  Infestor  
  179  14:28  Drone x3  
  182  14:38  Spore Crawler  
  181  14:39  Spore Crawler  
  181  14:40  Spore Crawler  
  179  14:48  Drone x3  
  179  14:49  Drone x2  
  179  14:52  Spore Crawler  
  183  14:53  Spore Crawler, Infestor  
  183  14:54  Spore Crawler, Infestor x3  
  183  14:55  Spore Crawler  
  188  15:03  Zergling x6  
  188  15:04  Zergling x18  
  188  15:06  Spore Crawler  
  199  15:08  Zerg Flyer Weapons Level 2  
  198  15:23  Zerg Ground Armor Level 2  
  198  15:24  Ultralisk Cavern  
  198  15:25  Zerg Flyer Armor Level 2  
  197  15:28  Queen  
  199  15:42  Spore Crawler  
  198  15:43  Spore Crawler  
  198  15:44  Drone x2  
  198  15:45  Spore Crawler  
  198  15:46  Spore Crawler x2, Drone x2  
  198  15:47  Spore Crawler x2, Drone x2  
  198  15:48  Drone  
  198  15:49  Drone  
  200  16:02  Zerg Missile Weapons Level 2  
  190  16:12  Chitinous Plating, Burrow  
  190  16:14  Zergling x4  
  190  16:15  Infestor, Zergling x6  
  190  16:16  Infestor  
  190  16:18  Corruptor x2  
  197  16:28  Corruptor  
  199  16:35  Spine Crawler  
  199  16:36  Drone  
  199  16:37  Spine Crawler  
  198  16:44  Hatchery  
  197  16:54  Corruptor  
  197  16:56  Overseer x3  
  196  17:09  Drone x2, Spine Crawler  
  196  17:13  Zergling x4  
  196  17:14  Zergling x4  
  199  17:44  Zerg Flyer Weapons Level 3  
  197  17:46  Zerg Flyer Armor Level 3, Corruptor  
  198  17:51  Hatchery  
  198  17:53  Extractor, Zergling x6  
  199  18:03  Zerg Ground Armor Level 3  
  200  18:30  Overseer  
  199  18:36  Zergling x4  
  198  18:59  Drone  
  198  19:12  Hatchery  
  198  19:14  Extractor  
  196  19:31  Spore Crawler x4  
  194  19:32  Spore Crawler  
  194  19:33  Drone x3, Spore Crawler  
  194  19:34  Spore Crawler x2  
  194  19:36  Drone x4  
  194  19:37  Spore Crawler  
  194  19:45  Zerg Missile Weapons Level 3  
  194  19:49  Drone  
  194  19:50  Overseer  
  192  19:58  Drone x3  
  192  19:59  Drone  
  190  20:15  Infestor x3  
  190  20:16  Zergling x2  
  190  20:17  Zergling x4  
  195  20:33  Zergling x14  
  193  20:49  Drone  
  195  20:50  Drone x3  
  195  20:53  Drone x2  
  195  20:55  Spore Crawler  
  195  20:56  Spore Crawler x2  
  196  20:57  Spore Crawler x3  
  196  20:58  Drone  
  196  20:59  Spore Crawler x2, Queen  
  196  21:00  Drone x2  
  190  21:07  Corruptor x3, Brood Lord  
  198  21:18  Zergling x2  
  199  21:19  Baneling x13  
  199  21:32  Spore Crawler x3  
  196  21:33  Spore Crawler  
  196  21:34  Spore Crawler x2  
  187  21:47  Zergling x26  
  196  22:11  Corruptor x3  
  196  22:13  Hydralisk x4  
  166  22:54  Corruptor x8  
  182  23:02  Infestor x4  
  182  23:03  Infestor  
  188  23:12  Drone x3, Extractor  
  187  23:13  Drone x3, Extractor  
  187  23:18  Ultralisk x3  
  178  23:35  Infestor x4  
  178  23:39  Ultralisk x2  
  193  23:45  Spine Crawler  
  193  23:46  Spine Crawler  
  193  23:48  Drone x3, Spine Crawler  
  193  23:50  Infestor  
  193  23:51  Infestor x2  
  195  24:22  Drone x9, Zergling x6  
  198  24:37  Spore Crawler  
  195  24:47  Zergling x10  
  176  25:09  Ultralisk x3, Zergling x2  
  176  25:10  Zergling x14  
  198  25:18  Infestor x3  
  198  25:21  Overlord x2  
  197  25:22  Overlord  
  194  25:29  Overlord  
  194  25:30  Zergling x4  
  174  25:42  Zergling x30  
  195  25:51  Zergling x6  
Show
View Real Time Build Order
Export as new Build Order

Trap Protoss 

Build Orders: 1 Gate Expand, Oracle Opening, Phoenix Opening, Archon Immortal, Carriers 

Get SALT Encoding   

  12  0:00  Probe  
  13  0:12  Probe  
  14  0:20  Pylon  
  14  0:25  Probe  
  15  0:38  Probe (Chrono Boost)  
  16  0:45  Gateway  
  16  0:48  Probe (Chrono Boost)  
  17  0:53  Probe (Chrono Boost), Assimilator  
  18  1:05  Probe  
  19  1:17  Probe  
  20  1:26  Nexus  
  20  1:36  Cybernetics Core  
  20  1:39  Probe  
  21  1:44  Assimilator  
  21  1:51  Probe  
  22  1:54  Pylon  
  22  2:03  Probe  
  23  2:11  Adept (Chrono Boost)  
  26  2:15  Probe  
  26  2:19  Stargate  
  26  2:26  Warp Gate  
  26  2:27  Probe  
  27  2:30  Adept  
  29  2:40  Probe (Chrono Boost)  
  29  2:41  Probe (Chrono Boost)  
  31  2:50  Probe x2 (Chrono Boost)  
  33  2:54  Probe (Chrono Boost)  
  33  2:55  Probe (Chrono Boost)  
  33  2:57  Adept  
  37  3:03  Phoenix (Chrono Boost)  
  39  3:06  Probe  
  39  3:11  Probe  
  41  3:18  Probe, Pylon  
  42  3:22  Oracle (Chrono Boost)  
  42  3:23  Probe  
  46  3:35  Gateway  
  46  3:36  Probe x2  
  48  3:41  Pylon  
  48  3:46  Assimilator  
  48  3:49  Probe x2  
  48  3:50  Assimilator  
  48  3:53  Oracle (Chrono Boost)  
  53  3:58  Pylon  
  53  4:01  Probe x2  
  55  4:13  Probe x2  
  55  4:15  Robotics Facility  
  57  4:27  Twilight Council  
  57  4:29  Probe x2  
  59  4:35  Pylon  
  59  4:42  Gateway  
  59  4:44  Gateway  
  59  4:48  Nexus  
  59  4:59  Warp Prism (Chrono Boost)  
  56  5:04  Templar Archives  
  56  5:05  Probe x2  
  60  5:17  Probe x2, Psionic Storm  
  62  5:22  Gateway  
  62  5:23  Gateway  
  60  5:29  Probe x2, Forge  
  62  5:40  High Templar x2  
  66  5:43  Probe x2  
  66  5:49  High Templar  
  70  5:52  Pylon  
  70  5:57  Gateway  
  70  5:59  Gateway  
  70  6:01  High Templar  
  72  6:05  Probe x3  
  72  6:06  Assimilator  
  72  6:08  Assimilator  
  79  6:11  Immortal (Chrono Boost)  
  79  6:17  Probe x3  
  82  6:19  Pylon  
  82  6:21  Protoss Ground Weapons Level 1 (Chrono Boost)  
  82  6:23  Charge  
  82  6:32  Probe x3  
  85  6:37  Pylon  
  85  6:47  Probe x3, Immortal (Chrono Boost)  
  85  6:48  Photon Cannon  
  85  6:49  Pylon, High Templar  
  94  6:56  Zealot x2  
  94  6:57  Zealot  
  94  6:58  Zealot  
  102  7:02  Zealot, High Templar  
  102  7:08  Photon Cannon  
  106  7:10  Photon Cannon  
  106  7:15  Sentry  
  108  7:19  Sentry  
  108  7:21  Probe  
  111  7:24  Probe  
  111  7:25  Probe  
  111  7:27  Observer (Chrono Boost)  
  114  7:35  High Templar x2  
  114  7:36  Nexus  
  118  7:38  Photon Cannon  
  118  7:39  Shield Battery  
  118  7:42  Pylon  
  118  7:51  Immortal (Chrono Boost), Photon Cannon  
  118  7:56  Robotics Facility  
  122  8:03  Archon  
  120  8:14  Photon Cannon x2  
  120  8:16  Photon Cannon  
  120  8:18  Pylon  
  120  8:19  Protoss Ground Weapons Level 2 (Chrono Boost)  
  117  8:21  Immortal (Chrono Boost)  
  117  8:23  Assimilator  
  117  8:26  Phoenix (Chrono Boost), Assimilator  
  121  8:34  Zealot  
  125  8:41  Shield Battery, High Templar  
  127  8:42  Phoenix  
  127  8:44  Probe x3  
  127  8:47  Immortal (Chrono Boost)  
  136  8:53  Immortal (Chrono Boost)  
  140  9:02  Fleet Beacon  
  140  9:06  Stargate  
  138  9:12  Photon Cannon  
  138  9:15  Photon Cannon  
  138  9:22  Immortal (Chrono Boost)  
  137  9:29  Immortal (Chrono Boost)  
  143  9:36  Zealot x6  
  155  9:41  Archon  
  155  9:44  Stargate  
  155  9:51  Tempest (Chrono Boost)  
  155  9:52  Pylon  
  153  9:53  Pylon  
  153  9:54  Photon Cannon  
  153  10:01  Protoss Air Weapons Level 1  
  153  10:02  Pylon  
  153  10:04  Zealot  
  153  10:05  Pylon  
  155  10:08  Tempest (Chrono Boost)  
  158  10:20  Protoss Ground Weapons Level 3 (Chrono Boost)  
  158  10:28  Zealot x8  
  166  10:36  Tempest (Chrono Boost)  
  166  10:39  Tempest (Chrono Boost)  
  176  10:50  Tempest (Chrono Boost)  
  176  10:52  Observer  
  177  10:57  Mothership  
  180  11:14  Void Ray (Chrono Boost)  
  186  11:18  Void Ray (Chrono Boost)  
  186  11:19  Zealot  
  186  11:23  Pylon  
  180  11:29  Pylon  
  180  11:30  Dark Shrine  
  182  11:37  Void Ray (Chrono Boost)  
  182  11:45  Stargate  
  180  11:50  Void Ray (Chrono Boost)  
  187  12:02  High Templar x2  
  187  12:06  Oracle (Chrono Boost), Archon  
  191  12:10  Nexus  
  191  12:12  Pylon  
  191  12:15  High Templar  
  199  12:17  Carrier (Chrono Boost)  
  198  12:41  Zealot  
  198  12:45  Cybernetics Core  
  198  12:49  Cybernetics Core  
  182  13:14  Protoss Shields Level 1 (Chrono Boost)  
  182  13:19  Zealot x3  
  186  13:20  Dark Templar x3  
  177  13:29  Dark Templar  
  177  13:30  Dark Templar  
  177  13:33  Protoss Air Weapons Level 2 (Chrono Boost)  
  181  13:34  Protoss Air Armor Level 1 (Chrono Boost)  
  181  13:44  Dark Templar x3  
  187  13:58  Photon Cannon  
  187  13:59  Probe x4, Photon Cannon  
  187  14:00  Probe  
  187  14:01  Photon Cannon  
  184  14:02  Photon Cannon  
  184  14:04  Photon Cannon  
  184  14:06  Photon Cannon  
  184  14:08  Photon Cannon  
  182  14:10  Pylon  
  182  14:11  Probe  
  182  14:12  Carrier x2 (Chrono Boost), Pylon  
  182  14:13  Carrier (Chrono Boost)  
  197  14:36  Photon Cannon, Assimilator  
  197  14:37  Assimilator  
  197  14:55  Protoss Shields Level 2 (Chrono Boost)  
  197  15:12  Robotics Bay  
  189  15:30  Pylon  
  189  15:38  Carrier  
  192  15:51  Nexus  
  192  15:53  Photon Cannon  
  192  15:56  Protoss Air Weapons Level 3 (Chrono Boost), Photon Cannon  
  192  15:58  Photon Cannon  
  192  15:59  Photon Cannon  
  192  16:01  Photon Cannon  
  192  16:02  Pylon  
  192  16:03  Dark Templar x2  
  196  16:04  Dark Templar  
  196  16:05  Dark Templar  
  200  16:11  Pylon  
  199  16:34  Observer Gravitic Boosters (Chrono Boost)  
  199  16:42  Disruptor  
  198  16:48  Shield Battery  
  198  16:49  Pylon, Shield Battery  
  198  16:52  Assimilator  
  196  16:57  Pylon, Assimilator  
  196  17:00  Dark Templar  
  196  17:20  Protoss Air Armor Level 2 (Chrono Boost)  
  196  17:24  Gravitic Drive  
  194  17:36  Disruptor x2 (Chrono Boost)  
  200  17:44  Protoss Shields Level 3 (Chrono Boost)  
  200  17:52  Pylon  
  200  17:53  Pylon  
  200  17:56  Dark Templar  
  200  18:05  Nexus  
  198  18:25  Oracle  
  199  18:28  Pylon  
  199  18:44  Gateway  
  199  18:45  Gateway  
  195  18:51  Gateway  
  192  18:56  Gateway  
  192  19:02  Gateway  
  191  19:04  Gateway  
  191  19:07  Gateway  
  191  19:10  Oracle (Chrono Boost)  
  194  19:17  Photon Cannon  
  194  19:19  Photon Cannon  
  194  19:20  Photon Cannon  
  194  19:22  Photon Cannon  
  194  19:24  Photon Cannon  
  200  19:25  Carrier (Chrono Boost), Photon Cannon  
  200  19:27  Pylon  
  200  19:35  Protoss Air Armor Level 3 (Chrono Boost)  
  197  19:40  High Templar  
  199  19:56  Protoss Ground Armor Level 1  
  199  20:03  Observer  
  200  20:18  Disruptor (Chrono Boost)  
  200  20:27  Disruptor (Chrono Boost)  
  200  20:32  Photon Cannon  
  200  20:45  Photon Cannon  
  200  20:46  Photon Cannon  
  200  20:48  Photon Cannon  
  200  20:49  Photon Cannon  
  197  20:50  Disruptor (Chrono Boost)  
  197  20:52  Photon Cannon  
  200  21:09  Observer  
  200  21:16  Observer  
  200  21:17  Photon Cannon  
  200  21:22  Assimilator  
  200  21:26  Assimilator  
  200  21:37  Disruptor (Chrono Boost)  
  200  21:38  Disruptor (Chrono Boost)  
  188  22:06  Disruptor  
  188  22:07  Oracle x2, Disruptor  
  200  22:19  Protoss Ground Armor Level 2 (Chrono Boost)  
  165  22:56  Stalker x9  
  165  22:57  Stalker x3  
  165  22:58  Stalker x3  
  158  23:17  Blink (Chrono Boost)  
  126  23:28  Immortal x2 (Chrono Boost)  
  120  23:35  High Templar x4  
  120  23:36  High Templar x7  
  120  23:37  High Templar x4  
  136  23:53  Archon  
  136  23:54  Archon x3  
  136  23:58  Warp Prism (Chrono Boost)  
  132  24:09  High Templar x7  
  138  24:10  High Templar x3  
  138  24:11  High Templar x2  
  138  24:12  High Templar x3  
  138  24:14  Immortal (Chrono Boost)  
  158  24:20  Archon x5  
  158  24:21  Archon  
  153  24:32  Archon  
  153  24:41  Immortal (Chrono Boost)  
  65  25:23  Stalker x4  
  65  25:24  Stalker x2  
  62  25:42  High Templar x6  
  68  25:55  Probe x2  
  68  25:56  Probe  

Tags
 
Add a new tag
Caveats
  • Supply blocks, unpowered buildings, or Contaminate may cause inaccurate times.
  • Supply counts are checked every 10 seconds.